 Dungeon Crawl Stone Soup version 0.28.0-45-g0d030f2227 (webtiles) character file.

Game seed: 9911951725025915515

34 NinjaNoafa the Scratcher (level 3, -10/15 HPs)
             Began as a Felid Transmuter on Apr 16, 2022.
             Mangled by Sigmund
             ... wielding a +0 scythe
              (13 damage)
             ... on level 2 of the Dungeon on Apr 17, 2022.
             The game lasted 00:03:41 (1360 turns).

NinjaNoafa the Scratcher (Felid Transmuter)         Turns: 1360, Time: 00:03:41

Health: -10/15     AC:  1    Str:  6    XL:     3   Next: 14%
Magic:  7/7        EV: 17    Int: 22    God:
Gold:   22         SH:  0    Dex: 16    Spells: 3/6 levels left
                                        Lives:  0   Deaths: 0

rFire   . . .      SeeInvis +     - Unarmed
rCold   . . .      Faith    .   (shield unavailable)
rNeg    . . .      Spirit   .   (armour unavailable)
rPois   .          Reflect  .   (helmet unavailable)
rElec   .          Harm     .   (cloak unavailable)
rCorr   .          Rampage  .   (gloves unavailable)
Will    .....                   (boots unavailable)
Stlth   +.........              d - amulet of the acrobat
HPRegen 0.05/turn               c - +6 ring of intelligence
MPRegen 0.10/turn               (no ring)

@: confused, appendages (expiring), weak-willed, quick
A: horns 2, very small, claws 1, fangs 3, see invisible, speed 1, shaggy fur 1,
stealthy paws, no weapons or thrown items, no armour, multi-lived
a: End Transformation


You were on level 2 of the Dungeon.
You had temporarily grown beastly horns.
You visited 1 branch of the dungeon, and saw 2 of its levels.

You collected 22 gold pieces.

Inventory:

Missiles
 e - 12 stones
 g - 2 boomerangs of dispersal
Jewellery
 c - a +6 ring of intelligence (left paw)
 d - an amulet of the acrobat (around neck)
Scrolls
 f - a scroll of brand weapon {unknown}
 h - a scroll of enchant weapon {unknown}


   Skills:
 + Level 1.2 Fighting
 + Level 2.6 Dodging
 + Level 2.1 Stealth
 + Level 3.1 Unarmed Combat
 + Level 2.4 Spellcasting
 + Level 2.8 Transmutations
 + Level 0.0 Poison Magic


You had 3 spell levels left.
You knew the following spells:

 Your Spells              Type           Power      Damage    Failure   Level
a - Beastly Appendage     Tmut           30%        N/A       4%          1
b - Wereblood             Tmut           15%        N/A       6%          2

Your spell library contained the following spells:

 Spells                   Type           Power      Damage    Failure   Level
 Spider Form              Tmut/Pois      8%         N/A       22%         3
 Ice Form                 Ice/Tmut       8%         N/A       58%         4


Dungeon Overview and Level Annotations

Branches:
Dungeon (2/15)

Altars:

Annotations:
D:2 Sigmund


Innate Abilities, Weirdness & Mutations

You have temporarily grown beastly horns.
You have sharp claws.
You have razor-sharp teeth.
You have supernaturally acute eyesight. (SInv)
You cover ground quickly. (Speed+)
You are covered in fur. (AC +1)
Your paws help you pounce on unaware monsters.
You are incapable of wielding weapons or throwing items.
You cannot wear armour.
You gain extra lives every three experience levels.


Message History

Sigmund is nearby!
Unknown command.
You aren't carrying any potions.
Okay, then.
A goblin comes into view. It is wielding a +0 dagger.
Sigmund shouts!
The goblin shouts!
Sigmund barely misses you. Sigmund hits you with a +0 scythe!
Ouch! That really hurt!
You closely miss Sigmund. Your headbutt misses Sigmund. You scratch Sigmund.
You headbutt Sigmund.
Sigmund is moderately wounded.
Sigmund barely misses you.
As you read the scroll labelled PIYNU CU BOIDO, it crumbles to dust.
It is a scroll of enchant armour.
You aren't carrying any armour which can be enchanted further.
As you read the scroll labelled PEODOEDOETH, it crumbles to dust.
Magic quickly surges around you.
It was a scroll of vulnerability.
Your transformation is almost over.
Sigmund gestures at you while chanting.
You are confused.
The goblin misses you.
You are too confused!
Unknown command.
You bump into the rock wall.
Sigmund barely misses you. The goblin barely misses you.
You bump into the rock wall.
Sigmund gestures at you while chanting.
You are more confused.
The goblin completely misses you.
You scratch Sigmund. You headbutt Sigmund. Your bite misses Sigmund.
Sigmund is heavily wounded.
Sigmund misses you. The goblin completely misses you.
You bump into the rock wall.
The goblin hits you with a +0 dagger.
* * * LOW HITPOINT WARNING * * *
You miss Sigmund. Your headbutt misses Sigmund. Your bite misses Sigmund.
Sigmund is heavily wounded.
Sigmund hits you with a +0 scythe!
Ouch! That really hurt!
You die...

#.......#.# #.
#.#.....#.#
#.#.).#.....
#.#.#.#.....#
#.#.#.#.....#
##########.#.#.#.....#
.......................
......g........#.#.####
##.###@##.#...#
#@##.#.#.# #.##.#.#.#
...... . # #.##.. . #.#
### #.# #.#


You could see Sigmund (weak-willed) and a goblin (weak-willed).

Vanquished Creatures
  An adder (D:2)
  A dart slug (D:1)
  2 bats (D:1)
  4 endoplasms (D:1)
  A giant cockroach (D:1)
  2 goblins (D:1)
  2 hobgoblins (D:1)
  4 ball pythons (D:1)
  2 kobolds (D:1)
  4 rats (D:1)
23 creatures vanquished.

Notes
Turn   | Place    | Note
-------+----------+-------------------------------------------
     0 | D:1      | NinjaNoafa the Felid Transmuter began the quest for the
                  | Orb.
     0 | D:1      | Reached XP level 1. HP: 9/9 MP: 4/4
   351 | D:1      | Reached skill level 1 in Stealth
   462 | D:1      | Reached XP level 2. HP: 12/12 MP: 4/6
   582 | D:1      | Learned a level 2 spell: Wereblood
  1182 | D:1      | Found a faded altar of an unknown god.
  1301 | D:2      | Reached XP level 3. HP: 15/15 MP: 5/7
  1346 | D:2      | Noticed Sigmund
  1360 | D:2      | Mangled by Sigmund

Illustrated notes

Levels and vault maps discovered:
D:1:      nzn_arrival_crosshair, layout_loops_ring,
          nicolae_ecumenical_lake_church, minmay_octomino_e4
D:2:      layout_basic, uniq_sigmund

Skill      XL: |  1  2 |
---------------+-------+-----
Stealth        | 1 2 |  2.1
Fighting       | |  1.2
Dodging        | |  2.6
Unarmed Combat | |  3.1
Spellcasting   | |  2.4
Transmutations | |  2.8

Action                   || total
-------------------------++-------
Melee: Unarmed           ||    38
       Headbutt          ||     9
       Bite              ||     1
       Punch             ||     2
 Cast: Beastly Appendage ||    16
       Wereblood         ||     2
  Use: Scroll            ||     2
 Stab: Sleeping          ||     4
Dodge: Dodged            ||    30
